 Dungeon Crawl Stone Soup version 0.28.0-45-g0d030f2227 (webtiles) character file.

Game seed: 4647163819816901706

4137 Peloso the Protected (level 10, -8/84 HPs)
             Began as a Minotaur Fighter on Apr 14, 2022.
             Was a Priest of Okawaru.
             Killed by divine providence
             ... invoked by an orc priest
              (14 damage)
             ... on level 8 of the Dungeon.
             The game lasted 00:12:15 (9864 turns).

Peloso the Protected (Minotaur Fighter)             Turns: 9864, Time: 00:12:16

Health: -8/84      AC: 16    Str: 23    XL:     10   Next: 7%
Magic:  9/9        EV:  7    Int:  5    God:    Okawaru [***...]
Gold:   353        SH:  5    Dex: 12    Spells: 9/9 levels left

rFire   . . .      SeeInvis .   a - +4 falchion
rCold   . . .      Faith    .   c - +0 buckler
rNeg    . . .      Spirit   .   p - +0 plate armour
rPois   .          Reflect  .   (helmet restricted)
rElec   .          Harm     .   k - +0 cloak
rCorr   .          Rampage  .   (no gloves)
Will    .....                   (no boots)
Stlth   ..........              (no amulet)
HPRegen 0.24/turn               B - +4 ring of slaying
MPRegen 0.11/turn               (no ring)

@: marked
A: horns 2, retaliatory headbutt
a: Renounce Religion, Heroism


You were on level 8 of the Dungeon.
You worshipped Okawaru.
Okawaru was most pleased with you.
You visited 2 branches of the dungeon, and saw 9 of its levels.
You also visited: Sewer.

You collected 353 gold pieces.

Inventory:

Hand Weapons
 a - a +4 falchion (weapon)
Armour
 b - a +0 scale mail
 c - a +0 buckler (worn)
 k - a +0 cloak (worn)
 p - a +0 plate armour (worn)
Jewellery
 e - a ring of resist corrosion
 n - a ring of wizardry
 w - a ring of positive energy
 B - a +4 ring of slaying (left hand)
Wands
 o - a wand of flame (56)
 x - a wand of mindburst (7)
Scrolls
 f - 8 scrolls of identify
 h - a scroll of fog {unknown}
 j - 6 scrolls of teleportation {unknown}
 m - 4 scrolls of magic mapping {unknown}
 y - a scroll of enchant armour {unknown}
 z - a scroll of fear {unknown}
 A - a scroll of amnesia {unknown}
 D - a scroll of immolation {unknown}
Potions
 d - a potion of might
 g - 3 potions of curing
 i - a potion of flight {unknown}
 l - a potion of degeneration {unknown}
 q - a potion of invisibility {unknown}
 r - a potion of brilliance {unknown}
 s - 2 potions of cancellation {unknown}
 t - 2 potions of heal wounds {unknown}
 u - a potion of resistance {unknown}
 v - 2 potions of haste {unknown}
 C - a potion of lignification {unknown}


   Skills:
 + Level 6.8 Fighting
 + Level 11.1 Long Blades
 + Level 11.2 Armour
 + Level 1.8 Dodging
 + Level 0.2 Stealth
 + Level 6.7 Shields


You had 9 spell levels left.
You didn't know any spells.
Your spell library contained the following spells:

 Spells                   Type           Power      Damage    Failure   Level
 Sandblast                Erth           0%         2d4       100%        1
 Passwall                 Tmut/Erth      0%         N/A       100%        2
 Inner Flame              Hex/Fire       0%         N/A       100%        3
 Stone Arrow              Conj/Erth      0%         3d7       100%        3
 Cause Fear               Hex            0%         N/A       100%        4
 Discord                  Hex            0%         N/A       100%        8


Dungeon Overview and Level Annotations

Branches:
Dungeon (8/15)             Temple (1/1) D:4           Sewer (visited)
   Lair: D:8-11

Altars:
Ashenzari
Cheibriados
Dithmenos
Elyvilon
Fedhas
Hepliaklqana
Kikubaaqudgha
Makhleb
Nemelex Xobeh
Okawaru
Qazlal
Ru
Sif Muna
Trog
Uskayaw
Wu Jian
Xom
Yredelemnul
Zin

Shops:
D:1 =[   D:5 **


Innate Abilities, Weirdness & Mutations

You have a pair of horns on your head.
You reflexively headbutt those who attack you in melee.


Message History

You slice the yak!!
You kill the yak!
Okawaru accepts your kill.
Okawaru will now gift you ammunition as you gain piety.
Unknown command.
You hit the orc.
The orc is almost dead.
The orc hits you but does no damage.
You barely miss the orc. Your headbutt misses the orc.
The orc is almost dead.
You barely miss the orc. You headbutt the orc.
You kill the orc!
Okawaru accepts your kill.
A puff of flame appears from out of thin air!
The puff of flame hits you.
* * * LOW HITPOINT WARNING * * *
A puff of flame appears from out of thin air!
The puff of flame hits you but does no damage.
The orc priest begins to cast a cantrip, but forgets the words!
A yak comes into view.
A yak comes into view.
The yak bellows!
You hear a bellow! x2
A yak comes into view.
Found 20 gold pieces.
A yak comes into view.
The yak gores you!
* * * LOW HITPOINT WARNING * * *
A puff of flame appears from out of thin air!
The puff of flame hits you.
* * * LOW HITPOINT WARNING * * *
The yak gores you but does no damage. The yak gores you.
* * * LOW HITPOINT WARNING * * *
The yak gores you but does no damage. The yak gores you!
* * * LOW HITPOINT WARNING * * *
You feel a little less mighty now.
The orc priest mumbles some strange prayers to Beogh against you.
Beogh smites you!
You die...

##.#.......###.#.......#
........o....#.#.......#
...............#.......#
.......................+
....$.....Y.......#....#
....###.....Y.....#....#
.... ##...........#...###
... .......YYY...........
........@.###........
...........###...(....#
.......................#
...................######
.........................
........##..............
#####......##..............
#.....)...#................
#..........................


You could see 5 yaks and an orc priest.

Vanquished Creatures
  Harold (D:8)
  A two-headed ogre (D:7)
  A wyvern (D:7)
  4 yaks (D:8)
  An acid dragon (D:7)
  2 orc warriors (D:7)
  3 water moccasins
  2 ice beasts
  2 centaurs (D:7)
  3 kobold brigands (Sewer)
  A bullfrog (D:6)
  2 scorpions
  5 wights (D:5)
  A centaur skeleton (D:7)
  A gnoll shaman (D:8)
  A jelly (D:5)
  An orc priest (D:4)
  3 iguanas
  Natasha (thrice) (D:3)
  4 orc wizards
  3 gnolls (D:8)
  3 river rats
  7 adders
  A howler monkey skeleton (D:7)
  A shadow imp (D:7)
  A white imp (D:6)
  8 worms
  4 dart slugs
  19 orcs
  3 bats
  9 endoplasms
  7 giant cockroaches
  5 goblins
  7 hobgoblins
  6 jackals
  13 kobolds
  A quokka (D:5)
  12 ball pythons
  5 frilled lizards
  10 rats
167 creatures vanquished.

Notes
Turn   | Place    | Note
-------+----------+-------------------------------------------
     0 | D:1      | Peloso the Minotaur Fighter began the quest for the Orb.
     0 | D:1      | Reached XP level 1. HP: 19/19 MP: 0/0
   218 | D:1      | Reached XP level 2. HP: 27/27 MP: 1/1
   389 | D:1      | Found Kuetamah's Antique Armour Shop.
   414 | D:1      | Found Riep's Jewellery Emporium.
   925 | D:1      | Reached XP level 3. HP: 28/33 MP: 2/2
  1695 | D:2      | Reached XP level 4. HP: 40/40 MP: 3/3
  2441 | D:3      | Noticed Natasha
  2445 | D:3      | Killed Natasha
  2703 | D:3      | Found a broken altar of Ashenzari.
  2800 | D:3      | Noticed Natasha
  2810 | D:3      | Killed Natasha
  2811 | D:3      | Reached skill level 1 in Dodging
  2811 | D:3      | Reached XP level 5. HP: 35/46 MP: 4/4
  2881 | D:3      | Noticed Natasha
  2890 | D:3      | Killed Natasha
  2891 | D:3      | Reached skill level 5 in Long Blades
  3054 | D:3      | Found a faded altar of an unknown god.
  3054 | D:3      | Noticed a floating eye
  3058 | D:3      | Noticed a floating eye
  3059 | D:3      | Noticed a golden eye
  3059 | D:3      | Noticed a shining eye
  3296 | D:3      | Found a shimmering altar of Xom.
  3636 | D:4      | Found a staircase to the Ecumenical Temple.
  3694 | D:4      | Reached skill level 5 in Armour
  3754 | D:4      | Found a basalt altar of Yredelemnul.
  3754 | D:4      | Found a sparkling altar of Nemelex Xobeh.
  3770 | D:4      | Found a glowing drain.
  3806 | Sewer    | Entered a sewer
  3938 | Sewer    | Reached XP level 6. HP: 43/52 MP: 5/5
  5097 | Sewer    | Reached XP level 7. HP: 30/60 MP: 6/6
  6040 | Temple   | Entered the Ecumenical Temple
  6155 | D:5      | Entered Level 5 of the Dungeon
  6183 | D:5      | Found Taeng's Specific Store.
  6188 | D:5      | Found Yrauc's General Store.
  6512 | D:5      | Reached skill level 5 in Shields
  6733 | D:5      | Reached XP level 8. HP: 67/67 MP: 7/7
  6985 | D:5      | Found a shimmering blue altar of Sif Muna.
  7358 | D:6      | Reached skill level 5 in Fighting
  7714 | D:6      | Found an iron altar of Okawaru.
  7849 | D:6      | Became a worshipper of Warmaster Okawaru
  8209 | D:7      | Found a hide-covered altar of Uskayaw.
  8366 | D:7      | Noticed a two-headed ogre
  8382 | D:7      | Killed a two-headed ogre
  8382 | D:7      | Reached * piety under Okawaru
  8383 | D:7      | Reached XP level 9. HP: 44/75 MP: 8/8
  8390 | D:7      | Reached skill level 10 in Long Blades
  9773 | D:8      | Noticed Harold
  9801 | D:8      | Killed Harold
  9801 | D:8      | Reached ** piety under Okawaru
  9802 | D:8      | Reached skill level 10 in Armour
  9823 | D:8      | Reached XP level 10. HP: 25/84 MP: 7/9
  9824 | D:8      | Reached *** piety under Okawaru
  9864 | D:8      | Killed from afar by an orc priest

Illustrated notes

Levels and vault maps discovered:
D:1:      lemuel_arrival_funnel, layout_basic, serial_shops, nicolae_shop_stone,
          nicolae_square_shop, minmay_misc_feat_x, st_stairs_11, grunt_decor_cap
D:2:      layout_loops_corners, minmay_increasing_density
D:3:      layout_basic, evilmike_ruin_ashenzari,
          mainiacjoe_overflow_six_doors_small,
          hellmonk_ecumenical_altar_watching_god, uniq_natasha
D:4:      layout_basic, mainiacjoe_overflow_catwalk_spiral,
          minmay_temple_entry_slanted, portal_sewer_entry_c
D:5:      layout_loops_ring, nicolae_overflow_hidden_temple, kennysheep_diamond,
          nicolae_specific_store
D:6:      layout_rooms, mainiacjoe_overflow_alcove_2, kennysheep_crisscross
D:7:      layout_layer_cave, nicolae_uskayaw_murder_on_the_dancefloor,
          minmay_diced_spiral
D:8:      layout_basic, grunt_gozag_statues, grunt_ministairs_10, uniq_harold
Temple:   nicolae_temple_hex_pool

Skill      XL: |  1  2  3  4  5  6  7  8  9 |
---------------+----------------------------+-----
Shields        | 4 5 6 |  6.7
Armour         | 4 5 7 8 11 | 11.2
Long Blades    | 3 4 5 6 7 9 11 | 11.1
Dodging        | 1 |  1.8
Fighting       | 4 6 |  6.8
Stealth        | |  0.2

Action                   |  1- 3 |  4- 6 |  7- 9 | 10-12 || total
-------------------------+-------+-------+-------+-------++-------
Melee: Long sword        |   106 |   214 |    37 |       ||   357
       Headbutt          |    13 |    27 |    46 |     1 ||    87
       Falchion          |       |       |   176 |     5 ||   181
Invok: Heroism           |       |       |     1 |       ||     1
  Use: Scroll            |       |     1 |       |       ||     1
       Potion            |       |       |     1 |       ||     1
Armor: Scale mail        |    62 |    11 |       |       ||    73
       Plate armour      |       |    97 |   105 |     4 ||   206
Dodge: Dodged            |    50 |    52 |    49 |       ||   151
Block: Buckler           |    28 |    43 |    52 |       ||   123
